 Dungeon Crawl Stone Soup version 0.31.0-11-ge490571c62 (webtiles) character file.

Game seed: 3995796279205678989

17 qw the Shooter (level 2, -3/14 HPs)
             Began as a Spriggan Hunter on Feb 4, 2024.
             Slain by a ribbon worm (8 damage)
             ... on level 2 of the Dungeon.
             The game lasted 00:00:02 (763 turns).

qw the Shooter (Spriggan Hunter)                     Turns: 763, Time: 00:00:03

Health: -3/14      AC:  2    Str:  7    XL:     2   Next: 44%
Magic:  3/3        EV: 19    Int: 10    God:
Gold:   38         SH:  0    Dex: 18    Spells: 1/1 levels left

rFire   . . .        a - +0 shortbow
rCold   . . .        (shield currently unavailable)
rNeg    . . .        c - +0 robe
rPois   .            (helmet restricted)
rElec   .            (no cloak)
rCorr   .            (gloves unavailable)
SInv    +            (boots unavailable)
Will    .....        (no amulet)
Stlth   ++           (no ring)
HPRegen 0.22/turn    (no ring)
MPRegen 0.08/turn

%: no passive effects
@: very quick
A: very small, no large weapons, unfitting armour, see invisible, speed 3
a: no special abilities


You were on level 2 of the Dungeon.
You visited 1 branch of the dungeon, and saw 2 of its levels.

You collected 38 gold pieces.


Innate Abilities, Weirdness & Mutations

You are very small and have problems with some larger weapons.
You are too small for most types of armour.
You have supernaturally acute eyesight. (SInv)
You cover ground extremely quickly. (Speed+++)


   Skills:
 - Level 1.5 Fighting
 + Level 4.1 Ranged Weapons
 - Level 4.0 Dodging
 - Level 1.5 Stealth


You had one spell level left.
You didn't know any spells.
Your spell library was empty.

Inventory:

Hand Weapons
 a - a +0 shortbow (weapon)
Armour
 c - a +0 robe (worn)
Jewellery
 b - a ring of ice
Scrolls
 f - a scroll of enchant armour {unknown}
 g - 2 scrolls of identify
Potions
 d - a potion of curing {unknown}
 e - a potion of might

Dungeon Overview and Level Annotations

Branches:
Dungeon (2/15)

Altars:


Message History

You shoot an arrow. The arrow hits the dart slug.
You kill the dart slug!
An endoplasm comes into view.
You shoot an arrow.
The arrow hits the endoplasm but does no damage.
The endoplasm quivers.
A ribbon worm comes into view.
You shoot an arrow.
The arrow barely misses the ribbon worm.
The ribbon worm expels a string of sticky webbing.
The stream of webbing hits you but does no damage.
You are caught in a web!
You struggle to detach yourself from the web.
The web tears apart.
You shoot an arrow. The arrow hits the ribbon worm!
The ribbon worm is heavily wounded.
You shoot an arrow. The arrow hits the ribbon worm!
The ribbon worm is almost dead.
The ribbon worm closely misses you.
You shoot an arrow.
The arrow hits the ribbon worm but does no damage.
The ribbon worm is severely wounded.
The endoplasm freezes you.
You are frozen.
The ribbon worm bites you. The endoplasm freezes you.
You are frozen.
You shoot an arrow. The arrow hits the ribbon worm.
The ribbon worm is almost dead.
The ribbon worm completely misses you. The endoplasm completely misses you.
You shoot an arrow.
The arrow barely misses the ribbon worm.
The ribbon worm expels a string of sticky webbing.
The stream of webbing hits you but does no damage.
You are caught in a web!
The endoplasm closely misses you.
You struggle to detach yourself from the web.
The ribbon worm bites you. The endoplasm barely misses you.
The web tears apart.
The endoplasm completely misses you. The ribbon worm bites you!
Ouch! That really hurt!
You die...

... ....
###....
....... #
.......
#.###....:.#
#..wJ......#
#@...#+##
#....#..#
#....##.##
#....##..##
#.........#
#.........##
#..........#
#...######%#
##### #.##


You could see a ribbon worm (catching breath) and an endoplasm.

Vanquished Creatures
  A dart slug (D:2)
  2 goblins
  A hobgoblin (D:1)
  A quokka (D:1)
  3 ball pythons
  3 bats
  A frilled lizard (D:1)
  2 kobolds (D:1)
  A rat (D:2)
15 creatures vanquished.

Notes
Turn   | Place    | Note
-------+----------+-------------------------------------------
     0 | D:1      | qw the Spriggan Hunter began the quest for the Orb.
     0 | D:1      | Reached XP level 1. HP: 10/10 MP: 2/2
     0 | D:1      | 0 ||| qw: Version: 0.3-a-160-g6735b56
     0 | D:1      | 0 ||| qw: Game counter: 4950
     0 | D:1      | 0 ||| qw: Melee chars always use a shield: true
     0 | D:1      | 0 ||| qw: God list: Okawaru
     0 | D:1      | 0 ||| qw: Allow faded altars: false
     0 | D:1      | 0 ||| qw: Do Orc after clearing Dungeon:15 true
     0 | D:1      | 0 ||| qw: Do second Lair branch before Depths: true
     0 | D:1      | 0 ||| qw: Lair rune preference: random
     0 | D:1      | 0 ||| qw: Goals: Normal
     0 | D:1      | 0 ||| PLANNING D:1-11
   188 | D:1      | Reached skill level 3 in Dodging
   425 | D:1      | Found a faded altar of an unknown god.
   460 | D:1      | Reached XP level 2. HP: 14/14 MP: 3/3
   534 | D:1      | 534 ||| READING scroll labelled AZXOIDGH KUZUS.
   534 | D:1      | 534 ||| IDENTIFYING blue potion
   535 | D:1      | 535 ||| READING scroll labelled JEGACUOJISH.
   536 | D:1      | 536 ||| DROPPING scroll of butterflies.
   763 | D:2      | Slain by a ribbon worm

Levels and vault maps discovered:
D:1:      amcnicky_arrival_choice, layout_loops_cross,
          shapermc_ecumenical_altar_gd, chequers_serial_rivers_micro_e,
          kennysheep_boxes
D:2:      layout_basic, minmay_tromino_i4

Skill      XL: |  1  2 |
---------------+-------+-----
Dodging        | 3 4 |  4.0
Fighting       | |  1.5
Ranged Weapons | |  4.1
Stealth        | |  1.5

Action                     || total
---------------------------++-------
   Fire: Shortbow          ||    40
    Use: Scroll            ||     2
 Armour: Robe              ||     3
  Dodge: Dodged            ||    13

Table legend:
 A = Non-vault XP
 B = Vault XP
 C = Vault XP percentage of total XP
 D = Non-vault monster count
 E = Vault monster count
 F = Vault count percentage of total count
                 A         B        C        D         E       F
            +---------+---------+-------+---------+---------+-------
      Total |      25 |       0 |   0.0 |      15 |       0 |   0.0
            +---------+---------+-------+---------+---------+-------
        D:1 |      13 |       0 |   0.0 |       9 |       0 |   0.0
        D:2 |      12 |       0 |   0.0 |       6 |       0 |   0.0
            +---------+---------+-------+---------+---------+-------
